 Dungeon Crawl Stone Soup version 0.18-a0-844-g9229740 (webtiles) character file.

50 root the Skirmisher (level 3, -3/29 HPs)
             Began as a Demonspawn Chaos Knight on Dec 19, 2015.
             Slain by a gnoll
             ... wielding a +0 spear
              (6 damage)
             ... on level 2 of the Dungeon.
             The game lasted 00:03:27 (899 turns).

root the Skirmisher (Demonspawn Chaos Knight)        Turns: 899, Time: 00:03:27

Health: -3/29      AC:  9    Str: 12    XL:     3   Next: 55%
Magic:  3/3        EV: 11    Int: 13    God:    Xom [.*....]
Gold:   93         SH:  0    Dex: 13    Spells: 0 memorised, 2 levels left

rFire  . . .     SeeInvis .     a - +0 falchion (chaos)
rCold  . . .     Gourm    .     b - +2 leather armour
rNeg   . . .     Faith    .     (no shield)
rPois  .         Spirit   .     (helmet restricted)
rElec  .         Dismiss  .     (no cloak)
rCorr  .         Reflect  .     (no gloves)
SustAt .         Harm     .     (no boots)
MR     .....                    (no amulet)
Stlth  +.........               (no ring)
                                (no ring)

@: not resistant to hostile enchantments, very unstealthy
A: horns 1, iridescent scales 1
a: Renounce Religion


You were on level 2 of the Dungeon.
You worshipped Xom.
You were a plaything of Xom.
You were not hungry.

You visited 1 branch of the dungeon, and saw 2 of its levels.

You collected 93 gold pieces.

Inventory:

Hand Weapons
 a - a +0 falchion of chaos (weapon)
Armour
 b - a +2 leather armour (worn)
Jewellery
 i - an uncursed ring of fire
Scrolls
 d - a scroll of random uselessness {unknown}
 e - 3 scrolls of identify {unknown}
 f - a scroll of noise {unknown}
 g - 2 scrolls of fog {unknown}
 h - 3 scrolls of immolation {unknown}
 j - a scroll of fear {unknown}
 n - a scroll of magic mapping {unknown}
 p - a scroll of remove curse {unknown}
Potions
 l - a potion of invisibility {unknown}
 m - 2 potions of haste {unknown}
Comestibles
 c - 2 bread rations
 k - 2 meat rations
 o - 3 chunks of flesh


   Skills:
 + Level 3.6 Fighting
 + Level 3.3 Long Blades
 + Level 2.0 Armour
 + Level 1.1 Dodging


You had 2 spell levels left.
You didn't know any spells.

Dungeon Overview and Level Annotations

Branches:
Dungeon (2/15)

Altars:


Innate Abilities, Weirdness & Mutations

You have a pair of small horns on your head.
You are partially covered in iridescent scales (AC +4).


Message History

You hit the gnoll but do no damage.
You headbutt the gnoll, but do no damage.
The gnoll is heavily wounded.
The gnoll hits you but does no damage. The gnoll closely misses you.
You barely miss the gnoll.
The gnoll is heavily wounded.
The gnoll closely misses you. The gnoll misses you.
You hit the gnoll.
The gnoll is heavily wounded.
Your butterfly disappears in a puff of smoke!
The gnoll hits you but does no damage.
You closely miss the gnoll.
The gnoll is heavily wounded.
The gnoll barely misses you. x2
Unknown command.
You barely miss the gnoll. You headbutt the gnoll.
The gnoll is severely wounded.
Your butterfly disappears in a puff of smoke!
The gnoll barely misses you. The gnoll hits you with a spear.
You die...

...............#...........
...............#...........
...............#...........
##.###.........#...........
......................>....
##.#.#...#.....#...........
##÷#'#...#.....#.)..#######
#.............§##g###
#.............[.@...#
#.............#.§...#
#.............#.....#
####.##..(....#.....#
......+<......#.....#
.###.##.......#.....# .##
.##.......#.....#
..##.##.......#######
#.##.##.......#


You could see a gnoll.

Vanquished Creatures
  2 gnolls (D:2)
  An adder (D:2)
  2 bats (D:1)
  A giant cockroach (D:1)
  4 goblins
  4 hobgoblins
  2 giant newts
  4 kobolds (D:1)
  A rat (D:1)
21 creatures vanquished.

Notes
Turn   | Place    | Note
--------------------------------------------------------------
     0 | D:1      | root the Demonspawn Chaos Knight began the quest for the Orb.
     0 | D:1      | Reached XP level 1. HP: 18/18 MP: 1/1
    14 | D:1      | XOM: divination: detect creatures
   164 | D:1      | Reached skill level 1 in Dodging
   274 | D:1      | Gained mutation: You have a pair of small horns on your head. [demonic ancestry]
   274 | D:1      | Reached XP level 2. HP: 24/24 MP: 2/2
   507 | D:1      | XOM: noise
   745 | D:1      | XOM: colour smoke trail
   833 | D:2      | Gained mutation: You are partially covered in iridescent scales (AC +4). [demonic ancestry]
   833 | D:2      | Reached XP level 3. HP: 29/29 MP: 3/3
   878 | D:2      | XOM: butterfly on damage
   899 | D:2      | Slain by a gnoll

Vault maps used:
D:1:      tarquinn_simple_flora_water_e, minmay_door_square
D:2:      nicolae_overflow_crystal_walls, tgw_fedhas

Action                   || total
-------------------------++-------
Melee: Falchion          ||    56
